Match 47017138
Unlisted

Match 47017138
End
Construct Infanterie Kompanie
Pioneer Squad
MG 42 Machine Gun Team
GrW 34 Mortar Team
Grenadier Squad
Infanterie Officer Quarters
MG 42 Machine Gun Team
Selects Luftwaffe Battlegroup
Selects Luftwaffe Pioneer Support
Fallschirmpioneer Squad Paradrop
Construct Panzergrenadier Kompanie
Selects Stuka Strafing Run
Stuka Strafing Run
Stuka Strafing Run
Pak 40 Anti-tank Gun Team
Support Elements
Selects Fallschirmjäger Squad Paradrop
Medical Station
Panzergrenadier Officer Quarters
Stuka Strafing Run
Nebelwerfer 42 Rocket Launcher Team
MG 42 Machine Gun Team
Stuka Strafing Run
Fallschirmpioneer Squad Paradrop
MrSnooze
Prof. Dr. Redbullet (GER)
old tiger
Heart scratch
BusanStyle
Raise your left hand
The Governor
Доминик Декоко
0
0

Comments sign in to comment!

No comments posted yet!